 Dungeon Crawl Stone Soup version 0.19.5 (webtiles) character file.

76 galech the Shield-Bearer (level 4, -4/40 HPs)
             Began as a Minotaur Fighter on Mar 12, 2017.
             Slain by an orc priest
             ... wielding a +0 trident
              (5 damage)
             ... on level 3 of the Dungeon.
             The game lasted 00:03:07 (1481 turns).

galech the Shield-Bearer (Minotaur Fighter)         Turns: 1481, Time: 00:03:09

Health: -4/40      AC: 11    Str: 20    XL:     4   Next: 12%
Magic:  3/3        EV:  4    Int:  5    God:
Gold:   96         SH:  9    Dex: 11    Spells: 0 memorised, 3 levels left

rFire  + . .     SeeInvis .     a - +0 trident
rCold  . . .     Gourm    .     n - +0 plate armour
rNeg   . . .     Faith    .     c - +0 shield
rPois  .         Spirit   .     (helmet restricted)
rElec  .         Reflect  .     (no cloak)
rCorr  .         Harm     .     (no gloves)
MR     .....                    (no boots)
Stlth  ..........               (no amulet)
                                g - ring of protection from fire
                                j - +2 ring of slaying

@: slowed, very slow
A: retaliatory headbutt, horns 2
a: no special abilities


You were on level 3 of the Dungeon.
You were not hungry.

You visited 1 branch of the dungeon, and saw 3 of its levels.

You collected 96 gold pieces.

Inventory:

Hand Weapons
 a - a +0 trident (weapon)
Armour
 c - a +0 shield (worn)
 n - a +0 plate armour (worn)
 o - a +2 leather armour of cold resistance
Jewellery
 g - a ring of protection from fire (right hand)
 j - a +2 ring of slaying (left hand)
Scrolls
 b - a scroll of enchant weapon {unknown}
 k - 2 scrolls of remove curse {unknown}
 l - 2 scrolls of teleportation {unknown}
 q - a scroll of recharging {unknown}
 s - a scroll of amnesia {unknown}
 t - a scroll of enchant armour {unknown}
 u - 2 scrolls of identify {unknown}
 w - a scroll of immolation {unknown}
 x - a scroll of fear {unknown}
Potions
 d - 3 potions of might
 e - 2 potions of berserk rage {unknown}
 m - a potion of lignification {unknown}
 r - a potion of flight {unknown}
 v - a potion of heal wounds {unknown}
Comestibles
 f - a bread ration
 h - 3 meat rations
 i - a beef jerky
 p - a chunk of flesh


   Skills:
 + Level 4.2 Fighting
 + Level 3.6 Polearms
 + Level 4.1 Armour
 + Level 0.4 Dodging
 + Level 4.3 Shields


You had 3 spell levels left.
You didn't know any spells.

Dungeon Overview and Level Annotations

Branches:
Dungeon (3/15)

Altars:

Annotations:
D:3 vatarom's ghost, amateur TeAE


Innate Abilities, Weirdness & Mutations

You reflexively headbutt those who attack you in melee.
You have a pair of horns on your head.


Message History

Vatarom's ghost hits you.
* * * LOW HITPOINT WARNING * * *
The orc wizard gestures wildly while chanting.
The orc wizard blinks!
You block vatarom's ghost's attack.
The orc wizard casts a spell.
The orc wizard blinks!
There is an open door here.
Vatarom's ghost hits you.
* * * LOW HITPOINT WARNING * * *
Vatarom's ghost hits you but does no damage.
The orc priest begins to cast a cantrip, but forgets the words!
Vatarom's ghost hits you.
* * * LOW HITPOINT WARNING * * *
You block vatarom's ghost's attack.
The orc priest casts a cantrip, but nothing happens.
Vatarom's ghost gestures at you while chanting.
The zap hits you!
* * * LOW HITPOINT WARNING * * *
The orc priest hits you from afar with a trident.
You die...

#......# #..........#
#......# #..........#
#).....# #..........#
#..)...# #..........#
.......# #..........#
...##### #..........# ...#
#..........#
..ยง#######..........######
...'.....'...o.W@.[.'...>#
...#######....o.....####.#
#### ############ #.# #.#
#.# #.# #.# #.# #.#


You could see an orc priest, an orc wizard and vatarom's ghost.

Vanquished Creatures
  An adder (D:2)
  An ooze (D:1)
  2 worms (D:2)
  A dart slug (D:1)
  An orc (D:3)
  6 bats
  4 giant cockroaches (D:1)
  6 goblins
  5 hobgoblins
  4 jackals
  9 kobolds
  3 ball pythons
  A frilled lizard (D:1)
  4 rats
48 creatures vanquished.

Notes
Turn   | Place    | Note
-------+----------+-------------------------------------------
     0 | D:1      | galech the Minotaur Fighter began the quest for the Orb.
     0 | D:1      | Reached XP level 1. HP: 19/19 MP: 0/0
    61 | D:1      | Reached XP level 2. HP: 27/27 MP: 1/1
   372 | D:1      | Reached XP level 3. HP: 33/33 MP: 2/2
  1322 | D:3      | Reached XP level 4. HP: 40/40 MP: 3/3
  1454 | D:3      | Noticed vatarom's ghost (amateur TeAE)
  1480 | D:3      | HP: 1/40 [vatarom's ghost/zap (3)]
  1481 | D:3      | Slain by an orc priest

Skill      XL: |  1  2  3 |
---------------+----------+-----
Shields        | 4 |  4.3
Armour         | 4 |  4.1
Fighting       | 4 |  4.2
Polearms       | 3 |  3.6
Dodging        | |  0.4

Action                   |  1- 3 |  4- 6 || total
-------------------------+-------+-------++-------
Melee: Trident           |   112 |    16 ||   128
       Headbutt          |    14 |     3 ||    17
  Eat: Chunk             |     1 |     1 ||     2
Armor: Scale mail        |    15 |       ||    15
       Plate armour      |    20 |     8 ||    28
Dodge: Dodged            |    19 |     4 ||    23
Block: Shield            |    40 |     5 ||    45
